 Dungeon Crawl Stone Soup version 0.16.2-2-g470672f (webtiles) character file.

77 monobi the Insei (level 4, -7/31 HPs)
             Began as an Octopode Monk on Sept 4, 2015.
             Killed from afar by Sigmund (9 damage)
             ... with a puff of flame
             ... on level 2 of the Dungeon.
             The game lasted 00:02:07 (1599 turns).

monobi the Insei (Octopode Monk)                    Turns: 1599, Time: 00:02:08

Health: -7/31      AC:  1    Str: 10    XL:     4   Next: 33%
Magic:  4/4        EV: 14    Int: 12    God:
Gold:   70         SH:  0    Dex: 15    Spells: 0 memorised, 3 levels left

rFire  . . .     SeeInvis .       - Unarmed
rCold  . . .     Clarity  .     (no shield)
rNeg   . . .     SustAb   .     (helmet restricted)
rPois  .         Gourm    .     (no amulet)
rElec  .         Spirit   .     (no ring)
rCorr  .         Warding  .     (no ring)
rMut   .         Stasis   .     (no ring)
MR     .....                    (no ring)
Stlth  ++++......               (no ring)
                                (no ring)
                                (no ring)
                                (no ring)

@: not resistant to hostile enchantments, stealthy
A: almost no armour, amphibious, 8 rings, constrict 8, camouflage 1, gelatinous
body 1
a: no special abilities


You were on level 2 of the Dungeon.
You were not hungry.

You visited 1 branch of the dungeon, and saw 2 of its levels.

You collected 70 gold pieces.

Inventory:

Jewellery
 l - an uncursed ring of stealth {unknown}
Scrolls
 a - a scroll of enchant weapon {unknown}
 c - a scroll of identify {unknown}
 e - a scroll of remove curse {unknown}
 h - a scroll of enchant armour {unknown}
 m - a scroll of recharging {unknown}
Potions
 d - a potion of haste {unknown}
 f - a potion of ambrosia {unknown}
 g - 2 potions of heal wounds {unknown}
 j - a potion of lignification {unknown}
Comestibles
 b - 2 bread rations
 i - a beef jerky
 k - a meat ration


   Skills:
 + Level 3.3 Fighting
 + Level 3.6 Dodging
 + Level 3.2 Stealth
 + Level 4.8 Unarmed Combat


You had 3 spell levels left.
You didn't know any spells.

Dungeon Overview and Level Annotations

Branches:
Dungeon (2/15)

Altars:
Dithmenos
Nemelex Xobeh
Ru
Trog

Annotations:
D:2 Sigmund


Innate Abilities, Weirdness & Mutations

You cannot wear most types of armour.
You are amphibious.
You can wear up to eight rings at the same time.
You can use your tentacles to constrict many enemies at once.
Your skin changes colour to match your surroundings (Stealth).
Your rubbery body absorbs attacks (AC +1).


Message History

You are too injured to fight recklessly!
You are too injured to fight recklessly!
Sigmund is nearby!
Sigmund is nearby!
You are too injured to fight recklessly!
Sigmund is nearby!
You are too injured to fight recklessly!
You are too injured to fight recklessly!
Sigmund is nearby!
Sigmund misses you. Sigmund gestures at you while chanting.
You resist with some effort.
Sigmund smiles chillingly.
A hobgoblin comes into view.
Sigmund gestures at you while chanting. The puff of flame hits you!
* * * LOW HITPOINT WARNING * * *
Sigmund casts a spell at you. The puff of flame hits you!
You die...

##.....##....<##
##..............##
#...†............#
#................#
#................#
#................#
#................#
#................#
##.@.....@......##
#.#.....#.....##
#.####.####.###
#.####.# #.#
#@##...# #.#
##.###g##.###
#.#########
#.......###
#.........#
####.####
###........#
#.#.##
...#........#


You could see Sigmund.

Vanquished Creatures
  3 adders (D:2)
  A giant mite (D:2)
  2 worms (D:2)
  4 bats
  3 giant cockroaches
  6 hobgoblins
  A ball python (D:1)
  3 giant newts
  6 kobolds
  A quokka (D:2)
  6 rats
36 creatures vanquished.

Notes
Turn   | Place    | Note
--------------------------------------------------------------
     0 | D:1      | monobi, the Octopode Monk, began the quest for the Orb.
     0 | D:1      | Reached XP level 1. HP: 16/16 MP: 1/1
   271 | D:1      | Reached XP level 2. HP: 19/21 MP: 2/2
   525 | D:1      | Found a sparkling altar of Nemelex Xobeh.
   754 | D:2      | Found a bloodstained altar of Trog.
   786 | D:2      | Found a sacrificial altar of Ru.
   798 | D:2      | Reached XP level 3. HP: 13/26 MP: 3/3
  1290 | D:2      | Found a shadowy altar of Dithmenos.
  1412 | D:2      | Reached XP level 4. HP: 20/31 MP: 4/4
  1585 | D:2      | Noticed Sigmund
  1599 | D:2      | Killed from afar by Sigmund

Action                   |  1- 3 |  4- 6 || total
-------------------------+-------+-------++-------
Melee: Unarmed           |    56 |    21 ||    77
 Stab: Sleeping          |     3 |     1 ||     4
       Distracted        |     1 |       ||     1
  Eat: Meat ration       |     1 |       ||     1
